 Dungeon Crawl Stone Soup version 0.30-a0-778-g2ef04afb54 (webtiles) character file.

Game seed: 8638276771927573937

88 Firecrotchwizard the Trooper (level 4, -1/50 HPs)
             Began as an Ogre Berserker on Feb 16, 2023.
             Was a Believer of Trog.
             Succumbed to an adder's poison
             ... on level 3 of the Dungeon.
             The game lasted 00:03:30 (2047 turns).

Firecrotchwizard the Trooper (Ogre Berserker)       Turns: 2047, Time: 00:03:32

Health: -1/50      AC:  3    Str: 22 (23) XL:     4   Next: 53%
Magic:  4/4        EV:  9    Int:  5 (8)  God:    Trog [**....]
Gold:   190        SH:  0    Dex:  5 (8)  Spells: 3/3 levels left

rFire   . . .      SeeInvis .    a - +0 mace
rCold   . . .      Faith    .    (no shield)
rNeg    . . .      Spirit   .    b - +0 animal skin
rPois   .          Reflect  .    (helmet restricted)
rElec   .          Harm     .    (no cloak)
rCorr   .          Rampage  .    (gloves unavailable)
Will    .....                    (boots unavailable)
Stlth   +                        (no amulet)
HPRegen 0.28/turn                (no ring)
MPRegen 0.09/turn                (no ring)

@: lethally poisoned (-1 -> -12), invisible
A: large, unfitting armour, tough skin 1
a: Renounce Religion, Berserk, Trog's Hand


You were on level 3 of the Dungeon.
You worshipped Trog.
Trog was pleased with you.
You visited 1 branch of the dungeon, and saw 3 of its levels.

You collected 190 gold pieces.

Inventory:

Hand Weapons
 a - a +0 mace (weapon)
Missiles
 g - 2 poisoned darts
 k - 4 javelins
 s - 11 stones (quivered)
Armour
 b - a +0 animal skin (worn)
Scrolls
 c - a scroll of enchant weapon {unknown}
 f - 4 scrolls of identify {unknown}
 i - a scroll of teleportation {unknown}
 m - a scroll of silence {unknown}
Potions
 l - a potion of lignification {unknown}


   Skills:
 + Level 5.1 Fighting
 * Level 4.1 Maces & Flails
 - Level 2.6 Dodging


You had 3 spell levels left.
You didn't know any spells.
Your spell library was empty.

Dungeon Overview and Level Annotations

Branches:
Dungeon (3/15)

Altars:

Shops:
D:1 :


Innate Abilities, Weirdness & Mutations

You are too large for most types of armour.
You have tough skin. (AC +1)


Message History

A ball python comes into view.
The ball python moves out of view.
m - a scroll labelled KOM RATE FUC The ball python hisses angrily.
A ball python is nearby!
A dart slug comes into view.
The ball python closely misses you. The ball python bites you.
You take 1 damage, and have 49/50 hp.
You barely miss the ball python.
The ball python bites you but does no damage.
Health restored: 50 You sock the ball python!
You kill the ball python!
Trog accepts your kill.
An adder comes into view.
The dart slug launches a dart at you. The slug dart misses you.
The adder hisses angrily.
You see here a ball python corpse.
You hit the dart slug but do no damage. The dart slug launches a dart at you.
The slug dart hits you.
You take 4 damage, and have 46/50 hp.
You hit the dart slug.
The dart slug bites you but does no damage.
You hit the dart slug. The adder closely misses you.
The dart slug launches a dart at you. The slug dart hits you.
You take 4 damage, and have 43/50 hp.
You closely miss the adder. The adder bites you.
You are poisoned.
The adder poisons you! The adder barely misses you. The dart slug misses you.
You take 1 damage, and have 42/50 hp.
You barely miss the adder.
You feel sick. The adder bites you.
You are more poisoned.
The adder poisons you!
The dart slug bites you but does no damage.
You take 3 damage, and have 39/50 hp.
You barely miss the adder.
You feel sick. The adder closely misses you. The adder bites you.
You take 3 damage, and have 36/50 hp.
You miss the adder.
You feel sick. The adder bites you but does no damage.
The dart slug barely misses you. The adder bites you.
You take 2 damage, and have 34/50 hp.
You closely miss the adder.
You feel sick. The dart slug launches a dart at you.
The slug dart hits you but does no damage.
The adder bites you.
You take 6 damage, and have 28/50 hp.
You closely miss the adder.
You feel sick. The adder bites you. The dart slug launches a dart at you.
The slug dart misses you.
You take 2 damage, and have 26/50 hp.
You sock the adder!
You feel sick. The adder bites you.
You are more poisoned.
The adder poisons you! The adder bites you.
You are more poisoned.
The adder poisons you! The dart slug launches a dart at you.
The slug dart hits you but does no damage.
You take 4 damage, and have 22/50 hp.
You miss the adder.
You feel very sick. The adder bites you. The dart slug launches a dart at you.
The slug dart hits you.
You take 5 damage, and have 17/50 hp.
You hit the adder but do no damage. Your punch misses the adder.
You feel very sick. The adder closely misses you. The adder bites you.
* * * LOW HITPOINT WARNING * * *
You take 5 damage, and have 12/50 hp.
It was a potion of cancellation.
You feel magically purged.
You feel sick. The adder bites you.
* * * LOW HITPOINT WARNING * * *
You are lethally poisoned!
The adder poisons you! The dart slug completely misses you.
You take 3 damage, and have 9/50 hp.
It was a potion of degeneration.
There was something very wrong with that liquid.
You feel weakened.
You feel dopey.
You feel clumsy.
* * * LOW HITPOINT WARNING * * *
You feel very sick. The adder bites you.
* * * LOW HITPOINT WARNING * * *
You are more poisoned.
The adder poisons you! The dart slug launches a dart at you.
The slug dart misses you. The adder barely misses you.
You take 3 damage, and have 6/50 hp.
It was a potion of invisibility.
You fade into invisibility!
* * * LOW HITPOINT WARNING * * *
You feel very sick. The adder barely misses you.
You take 4 damage, and have 2/50 hp.
It was a potion of magic.
Magic courses through your body.
You die...

#.# #.##. ... ########
#.##. .... #......#
#.##. ....###......#
#.#.. ......?......#
#.#.#
......$......#####.#.#..
#...?.............#.#..
#(...S......#######.#..
#....w@..........#..#..
#.....#####............
#...... #............
#...... #.....<......
#...... #..........#.
#....## ############.
#.... #. #.... #. ##


You could see an adder (unable to see you) and a dart slug (unable to see you).

Vanquished Creatures
  3 adders (D:2)
  3 dart slugs
  An orc (D:3)
  7 bats
  5 endoplasms
  3 giant cockroaches
  6 goblins
  2 hobgoblins
  6 kobolds
  2 quokkas
  6 ball pythons
  A frilled lizard (D:1)
  9 rats
54 creatures vanquished.

Notes
Turn   | Place    | Note
-------+----------+-------------------------------------------
     0 | D:1      | Firecrotchwizard the Ogre Berserker began the quest for the
                  | Orb.
     0 | D:1      | Reached XP level 1. HP: 24/24 MP: 1/1
   133 | D:1      | Reached skill level 3 in Maces & Flails
   135 | D:1      | Reached XP level 2. HP: 32/32 MP: 2/2
   247 | D:1      | Found Hemegg's Book Shop.
   532 | D:1      | Reached XP level 3. HP: 37/40 MP: 3/3
   972 | D:2      | Reached ** piety under Trog
  1299 | D:2      | Reached XP level 4. HP: 45/49 MP: 4/4
  1343 | D:2      | Reached skill level 5 in Fighting
  1343 | D:2      | Reached skill level 4 in Maces & Flails
  2043 | D:3      | HP: 12/50 [adder (2)]
  2046 | D:3      | HP: 2/50 [poisoned by an adder]
  2047 | D:3      | Succumbed to an adder's poison

Illustrated notes

Levels and vault maps discovered:
D:1:      scummos_arrival_forest, layout_basic, serial_shops,
          nicolae_shop_statue_plus, dk_noncrumbling_2, minivault_11
D:2:      layout_basic
D:3:      layout_basic, shapermc_ecumenical_altar_venn, minmay_box_of_dots

Skill      XL: |  1  2  3  4 |
---------------+-------------+-----
Maces & Flails | 3 4 |  4.1
Fighting       | 5 |  5.1
Dodging        | |  2.6

Action                     |  1- 3 |  4- 6 || total
---------------------------+-------+-------++-------
  Melee: Mace              |    99 |    79 ||   178
         Punch             |     1 |     1 ||     2
 Invoke: Berserk           |       |     1 ||     1
    Use: Potion            |       |     4 ||     4
   Stab: Sleeping          |     1 |       ||     1
 Armour: Animal skin       |    37 |    36 ||    73
  Dodge: Dodged            |    60 |    64 ||   124

Table legend: (Time is in decaauts)
 A = Elapsed time spent in this place.
 B = Non-inter-level travel time spent in this place.
 C = Inter-level travel time spent in this place.
 D = Time resting spent in this place.
 E = Time spent auto-exploring this place.
 F = Levels seen in this place.
 G = Mean time per level.
                   A        B        C        D        E       F      G
               +--------+--------+--------+--------+--------+-----+--------+
         Total |   2093 |   2023 |     70 |     41 |   1565 |   3 |  697.7 |
       Dungeon |   2093 |   2023 |     70 |     41 |   1565 |   3 |  697.7 |
               +--------+--------+--------+--------+--------+-----+--------+

Top non-repeatable levels by time:
     D:2: 1019 daAuts
     D:1: 756 daAuts
     D:3: 316 daAuts

Table legend:
 A = Kills in this place as a percentage of kills in entire the game.
 B = Kills by you in this place as a percentage of kills by you in the entire game.
 C = Kills by friends in this place as a percentage of kills by friends in the entire game.
 D = Other kills in this place as a percentage of other kills in the entire game.
 E = Experience gained in this place as a percentage of experience gained in the entire game.
 F = Experience gained in this place divided by the number of levels of this place that you have seen.
                   A       B       C       D       E      F
               +-------+-------+-------+-------+-------+----------------------
         Total | 100.0 | 100.0 |   N/A |   N/A | 100.0 |  42.0
       Dungeon | 100.0 | 100.0 |   N/A |   N/A | 100.0 |  42.0
               +-------+-------+-------+-------+-------+----------------------
